General information
- name: BNet
- type: Ladder team game (AT/RT)
- host: Battle.net
- saver: Decimatio
map: Deadlock
- players: 8
- length: 45:21
- speed: Fast
- version: 1.26 W3XP
- replay type: Public
» download(239 KB)
Players
team 1 (loser)

»
s3rra_ang3l (
green | 56 APM | 2534 actions | 45:21)
6 Archmage
3 Summon Water Elemental
2 Brilliance Aura
1 Mass Teleport
5 Paladin
3 Holy Light
2 Divine Shield
4 Mountain King
2 Storm Bolt
2 Bash
» actions
| Assign group hotkey | 114 | |
| Basic commands | 57 | |
| Build / train | 92 | |
| ESC pressed | 7 | |
| Enter build submenu | 27 | |
| Enter hero's abilities submenu | 16 | |
| Give item / drop item | 8 | |
| Right click | 963 | |
| Select / deselect | 466 | |
| Select group hotkey | 640 | |
| Use ability | 137 | |
2534 total
» units
| Peasant | 16 | |
| Footman | 5 | |
| Gryphon Rider | 8 | |
29 total
» upgrades
| Defend | 1 | |
| Masonry | 1 | |
| Lumber Harvesting | 2 | |
| Storm Hammers | 1 | |
| Gunpowder | 1 | |
| Swords | 3 | |
| Plating | 1 | |
10 total
» buildings
| Altar of Kings | 1 | |
| Barracks | 1 | |
| Farm | 18 | |
| Scout Tower | 2 | |
| Town Hall | 2 | |
| Lumber Mill | 2 | |
| Keep | 2 | |
| Arcane Tower | 2 | |
| Arcane Vault | 1 | |
| Castle | 1 | |
| Gryphon Aviary | 2 | |
| Blacksmith | 1 | |
35 total
» build order
00:13 Altar of Kings
00:21 Barracks
00:27 Farm
00:48 Farm
01:42 Farm
01:58 Scout Tower
03:53 Town Hall
04:22 Lumber Mill
06:07 Keep
06:07 Keep
06:22 Arcane Tower
06:25 Farm
06:28 Farm
07:15 Arcane Vault
07:44 Farm
07:46 Farm
07:47 Farm
08:32 Castle
08:42 Lumber Mill
09:07 Farm
09:08 Farm
09:09 Farm
09:23 Scout Tower
09:36 Arcane Tower
09:45 Gryphon Aviary
11:09 Gryphon Aviary
12:58 Blacksmith
29:48 Town Hall
30:26 Farm
30:27 Farm
30:27 Farm
30:28 Farm
30:29 Farm
30:29 Farm
30:29 Farm
» items
| Boots of Speed | 3 | |
| Staff of Teleportation | 1 | |
| Circlet of Nobility | 2 | |
| Potion of Lesser Invulnerability | 3 | |
| Scroll of Town Portal | 1 | |
| Orb of Fire | 1 | |
| Potion of Healing | 2 | |
| Potion of Mana | 4 | |
17 total
Decimatio (
teal | 75 APM | 3400 actions | 45:21)
5 Pit Lord
2 Rain of Fire
3 Howl of Terror
» actions
| Assign group hotkey | 87 | |
| Basic commands | 250 | |
| Build / train | 243 | |
| ESC pressed | 10 | |
| Enter build submenu | 85 | |
| Enter hero's abilities submenu | 5 | |
| Give item / drop item | 11 | |
| Right click | 789 | |
| Select / deselect | 528 | |
| Select group hotkey | 1156 | |
| Use ability | 236 | |
3400 total
» units
| Peasant | 32 | |
| Footman | 10 | |
| Sorceress | 1 | |
| Dragonhawk Rider | 9 | |
| Gryphon Rider | 7 | |
59 total
» upgrades
| Masonry | 3 | |
| Swords | 3 | |
| Armor | 3 | |
| Lumber Harvesting | 2 | |
| Sorceress Training | 2 | |
| Magic Sentry | 1 | |
| Animal War Training | 1 | |
| Storm Hammers | 1 | |
| Cloud | 1 | |
| Backpack | 1 | |
| Fragmentation Shards | 1 | |
| Flare | 1 | |
| Plating | 1 | |
| Gunpowder | 1 | |
| Long Rifles | 1 | |
| Defend | 1 | |
| Priest Training | 1 | |
| Control Magic | 1 | |
26 total
» buildings
| Altar of Kings | 2 | |
| Barracks | 1 | |
| Farm | 13 | |
| Arcane Vault | 1 | |
| Town Hall | 4 | |
| Scout Tower | 45 | |
| Lumber Mill | 2 | |
| Arcane Tower | 7 | |
| Guard Tower | 76 | |
| Keep | 5 | |
| Blacksmith | 2 | |
| Arcane Sanctum | 1 | |
| Castle | 3 | |
| Gryphon Aviary | 7 | |
| Workshop | 1 | |
| Cannon Tower | 16 | |
186 total
» build order
00:08 Altar of Kings
00:10 Barracks
00:15 Altar of Kings
00:22 Farm
01:01 Farm
02:09 Farm
02:38 Arcane Vault
04:00 Town Hall
04:44 Farm
05:02 Scout Tower
05:23 Scout Tower
05:27 Lumber Mill
05:31 Arcane Tower
05:31 Arcane Tower
05:50 Arcane Tower
05:50 Arcane Tower
05:50 Arcane Tower
05:54 Scout Tower
05:55 Scout Tower
06:32 Guard Tower
06:32 Guard Tower
07:02 Scout Tower
07:03 Scout Tower
07:17 Keep
07:17 Keep
07:17 Keep
07:33 Guard Tower
07:34 Guard Tower
07:44 Blacksmith
08:01 Blacksmith
09:51 Arcane Sanctum
10:00 Castle
10:01 Castle
11:46 Gryphon Aviary
11:47 Gryphon Aviary
11:49 Gryphon Aviary
11:50 Gryphon Aviary
12:02 Gryphon Aviary
12:10 Gryphon Aviary
12:11 Gryphon Aviary
14:32 Farm
14:33 Farm
14:35 Farm
14:36 Farm
15:32 Farm
15:34 Farm
15:35 Farm
15:39 Farm
15:44 Farm
18:46 Scout Tower
18:47 Scout Tower
18:47 Scout Tower
18:48 Scout Tower
18:49 Scout Tower
18:50 Scout Tower
18:51 Scout Tower
18:52 Scout Tower
18:53 Scout Tower
18:53 Scout Tower
18:55 Scout Tower
18:55 Scout Tower
18:59 Scout Tower
19:00 Scout Tower
19:01 Scout Tower
19:02 Scout Tower
19:03 Scout Tower
19:04 Scout Tower
19:28 Town Hall
19:30 Guard Tower
19:30 Guard Tower
19:30 Guard Tower
19:30 Guard Tower
19:31 Guard Tower
19:31 Guard Tower
19:34 Scout Tower
19:34 Scout Tower
19:35 Scout Tower
19:36 Scout Tower
19:39 Guard Tower
19:39 Guard Tower
19:40 Guard Tower
19:40 Guard Tower
19:55 Guard Tower
19:56 Guard Tower
19:56 Guard Tower
20:45 Guard Tower
20:46 Guard Tower
20:52 Guard Tower
20:52 Guard Tower
20:52 Guard Tower
21:35 Guard Tower
21:36 Guard Tower
21:36 Guard Tower
21:51 Guard Tower
21:52 Guard Tower
21:52 Guard Tower
22:02 Guard Tower
22:02 Guard Tower
22:10 Guard Tower
22:10 Guard Tower
22:25 Guard Tower
22:26 Guard Tower
22:26 Guard Tower
22:28 Guard Tower
22:28 Guard Tower
22:28 Guard Tower
23:36 Scout Tower
23:37 Scout Tower
23:38 Scout Tower
23:39 Scout Tower
24:03 Guard Tower
24:04 Guard Tower
24:04 Guard Tower
24:04 Guard Tower
24:05 Guard Tower
24:05 Guard Tower
24:05 Guard Tower
24:06 Guard Tower
24:06 Guard Tower
24:24 Guard Tower
24:25 Guard Tower
24:25 Guard Tower
26:47 Scout Tower
26:48 Scout Tower
26:50 Scout Tower
26:51 Scout Tower
26:52 Scout Tower
26:53 Scout Tower
26:58 Workshop
27:35 Cannon Tower
27:35 Cannon Tower
27:36 Cannon Tower
27:50 Cannon Tower
27:50 Cannon Tower
30:44 Scout Tower
30:45 Scout Tower
30:46 Scout Tower
30:47 Scout Tower
30:49 Scout Tower
30:49 Scout Tower
30:50 Scout Tower
31:59 Town Hall
32:13 Guard Tower
32:13 Guard Tower
32:13 Guard Tower
32:14 Cannon Tower
32:14 Cannon Tower
32:17 Cannon Tower
32:17 Cannon Tower
32:17 Cannon Tower
32:17 Cannon Tower
32:18 Cannon Tower
34:31 Lumber Mill
37:57 Town Hall
» items
| Boots of Speed | 3 | |
| Scroll of Regeneration | 7 | |
| Periapt of Vitality | 2 | |
| Potion of Invisibility | 2 | |
| Lesser Clarity Potion | 4 | |
| Staff of Teleportation | 1 | |
| Scroll of Town Portal | 5 | |
| Potion of Healing | 1 | |
| Potion of Mana | 1 | |
26 total
TyrantUnbound (
orange | 38 APM | 1717 actions | 45:19)
6 Blood Mage
3 Flame Strike
2 Siphon Mana
1 Summon Phoenix
» actions
| Assign group hotkey | 42 | |
| Basic commands | 159 | |
| Build / train | 87 | |
| Enter build submenu | 56 | |
| Enter hero's abilities submenu | 6 | |
| Give item / drop item | 7 | |
| Remove unit from queue | 6 | |
| Right click | 617 | |
| Select / deselect | 403 | |
| Select group hotkey | 192 | |
| Use ability | 137 | |
1717 total
» units
| Peasant | 14 | |
| Footman | 4 | |
| Sorceress | 2 | |
| Gryphon Rider | 1 | |
21 total
» upgrades
| Lumber Harvesting | 2 | |
| Masonry | 3 | |
| Sorceress Training | 1 | |
| Magic Sentry | 1 | |
| Swords | 3 | |
| Armor | 3 | |
| Animal War Training | 1 | |
| Storm Hammers | 1 | |
| Cloud | 1 | |
16 total
» buildings
| Altar of Kings | 1 | |
| Barracks | 1 | |
| Farm | 10 | |
| Scout Tower | 49 | |
| Lumber Mill | 2 | |
| Arcane Vault | 1 | |
| Keep | 1 | |
| Guard Tower | 10 | |
| Town Hall | 3 | |
| Arcane Sanctum | 1 | |
| Castle | 1 | |
| Arcane Tower | 1 | |
| Blacksmith | 2 | |
| Gryphon Aviary | 6 | |
89 total
» build order
00:36 Altar of Kings
00:41 Barracks
00:51 Farm
01:05 Farm
01:11 Farm
02:00 Farm
02:33 Scout Tower
03:43 Lumber Mill
03:52 Arcane Vault
04:04 Scout Tower
04:04 Scout Tower
04:06 Scout Tower
04:09 Keep
04:22 Scout Tower
04:24 Scout Tower
04:33 Guard Tower
04:55 Town Hall
04:57 Scout Tower
05:34 Guard Tower
05:34 Guard Tower
05:35 Guard Tower
06:10 Guard Tower
06:56 Arcane Sanctum
07:00 Scout Tower
07:01 Scout Tower
07:02 Scout Tower
07:04 Scout Tower
07:39 Guard Tower
08:07 Scout Tower
08:09 Scout Tower
08:12 Scout Tower
09:43 Guard Tower
12:18 Castle
12:23 Scout Tower
12:25 Scout Tower
12:25 Scout Tower
12:26 Scout Tower
12:27 Scout Tower
12:27 Scout Tower
13:16 Arcane Tower
13:29 Guard Tower
13:57 Guard Tower
15:22 Blacksmith
15:23 Blacksmith
16:10 Gryphon Aviary
16:11 Gryphon Aviary
16:12 Gryphon Aviary
16:14 Gryphon Aviary
16:19 Gryphon Aviary
16:20 Gryphon Aviary
17:10 Town Hall
17:12 Scout Tower
17:13 Scout Tower
17:13 Scout Tower
17:13 Scout Tower
17:15 Scout Tower
17:16 Scout Tower
17:16 Scout Tower
17:17 Scout Tower
17:18 Scout Tower
17:18 Scout Tower
17:19 Scout Tower
18:28 Guard Tower
18:39 Lumber Mill
21:44 Guard Tower
25:26 Farm
25:27 Farm
25:28 Farm
25:28 Farm
25:30 Farm
25:31 Farm
33:14 Guard Tower
33:45 Town Hall
37:23 Scout Tower
37:24 Scout Tower
37:25 Scout Tower
37:26 Scout Tower
37:27 Scout Tower
37:28 Scout Tower
37:29 Scout Tower
37:30 Scout Tower
37:32 Scout Tower
37:32 Scout Tower
37:34 Scout Tower
37:35 Scout Tower
37:37 Scout Tower
37:38 Scout Tower
37:38 Scout Tower
37:40 Scout Tower
37:40 Scout Tower
37:41 Scout Tower
41:29 Guard Tower
41:48 Guard Tower
» items
| Boots of Speed | 1 | |
| Staff of Teleportation | 1 | |
| Periapt of Vitality | 2 | |
| Potion of Invisibility | 4 | |
| Scroll of Regeneration | 3 | |
| Potion of Mana | 3 | |
| Potion of Healing | 4 | |
| Lesser Clarity Potion | 3 | |
| Scroll of Town Portal | 3 | |
24 total

»
Accension (
yellow | 68 APM | 1610 actions | 23:39)
2 Mountain King
1 Storm Bolt
1 Bash
3 Paladin
2 Holy Light
1 Divine Shield
» actions
| Assign group hotkey | 82 | |
| Basic commands | 23 | |
| Build / train | 102 | |
| ESC pressed | 10 | |
| Enter build submenu | 31 | |
| Enter hero's abilities submenu | 5 | |
| Give item / drop item | 2 | |
| Remove unit from queue | 1 | |
| Right click | 572 | |
| Select / deselect | 433 | |
| Select group hotkey | 253 | |
| Use ability | 96 | |
1610 total
» units
| Peasant | 30 | |
| Footman | 21 | |
| Priest | 4 | |
| Knight | 5 | |
60 total
» upgrades
| Defend | 1 | |
| Lumber Harvesting | 2 | |
| Plating | 2 | |
| Priest Training | 2 | |
| Swords | 1 | |
| Animal War Training | 1 | |
| Masonry | 2 | |
11 total
» buildings
| Altar of Kings | 2 | |
| Farm | 12 | |
| Barracks | 5 | |
| Arcane Vault | 1 | |
| Scout Tower | 4 | |
| Arcane Tower | 1 | |
| Lumber Mill | 1 | |
| Keep | 1 | |
| Blacksmith | 1 | |
| Castle | 5 | |
| Arcane Sanctum | 1 | |
| Guard Tower | 2 | |
| Town Hall | 2 | |
38 total
» build order
00:08 Altar of Kings
00:11 Farm
00:19 Barracks
00:54 Farm
01:34 Farm
01:54 Arcane Vault
02:06 Scout Tower
02:29 Arcane Tower
03:05 Farm
03:58 Lumber Mill
04:13 Keep
04:40 Farm
06:14 Blacksmith
06:38 Castle
06:38 Castle
06:38 Castle
06:56 Scout Tower
07:20 Arcane Sanctum
07:45 Guard Tower
09:24 Farm
09:27 Farm
11:29 Town Hall
13:06 Barracks
13:53 Barracks
14:30 Scout Tower
14:31 Scout Tower
14:42 Farm
14:44 Farm
15:19 Guard Tower
19:43 Town Hall
19:49 Altar of Kings
19:52 Farm
20:32 Farm
20:47 Barracks
22:55 Barracks
23:02 Farm
» items
| Scroll of Regeneration | 1 | |
| Lesser Clarity Potion | 3 | |
| Mechanical Critter | 1 | |
| Scroll of Town Portal | 1 | |
| Orb of Fire | 1 | |
| Potion of Healing | 1 | |
8 total
team 2 (winner)

»
YodaPark (
red | 66 APM | 1506 actions | 22:50)
6 Priestess of the Moon
2 Searing Arrows
3 Trueshot Aura
1 Starfall
3 Keeper of the Grove
1 Entangling Roots
2 Thorns Aura
2 Demon Hunter
1 Evasion
1 Immolation
» actions
| Basic commands | 87 | |
| Build / train | 82 | |
| Enter build submenu | 17 | |
| Enter hero's abilities submenu | 11 | |
| Right click | 824 | |
| Select / deselect | 438 | |
| Use ability | 47 | |
1506 total
» units
| Wisp | 21 | |
| Archer | 15 | |
| Hippogryph | 7 | |
| Acolyte | 13 | |
| Shaman | 2 | |
| Crypt Fiend | 1 | |
59 total
» upgrades
| Improved Bows | 1 | |
| Strength of the Moon | 2 | |
| Moon Armor | 2 | |
| Hippogryph Taming | 1 | |
| Marksmanship | 1 | |
7 total
» buildings
| Moon Well | 8 | |
| Altar of Elders | 1 | |
| Ancient of War | 2 | |
| Ancient of Wonders | 1 | |
| Tree of Ages | 1 | |
| Tree of Life | 1 | |
| Hunter's Hall | 1 | |
| Ancient of Wind | 2 | |
| Tree of Eternity | 1 | |
| Orc Burrow | 1 | |
19 total
» build order
00:21 Moon Well
00:34 Altar of Elders
00:49 Ancient of War
01:59 Ancient of War
02:13 Moon Well
02:27 Ancient of Wonders
02:53 Moon Well
04:55 Tree of Ages
05:00 Tree of Life
06:19 Hunter's Hall
09:12 Ancient of Wind
09:13 Ancient of Wind
09:28 Moon Well
09:30 Moon Well
09:38 Tree of Eternity
10:32 Moon Well
12:50 Moon Well
12:51 Moon Well
22:09 Orc Burrow

»
CinnamonChasers (
blue | 24 APM | 1076 actions | 45:21)
5 Archmage
1 Summon Water Elemental
3 Brilliance Aura
1 Blizzard
4 Blademaster
3 Critical Strike
1 Wind Walk
1 Death Knight
1 Unholy Aura
» actions
| Basic commands | 10 | |
| Build / train | 122 | |
| ESC pressed | 2 | |
| Enter build submenu | 21 | |
| Enter hero's abilities submenu | 13 | |
| Remove unit from queue | 24 | |
| Right click | 348 | |
| Select / deselect | 467 | |
| Use ability | 68 | |
1076 total
» units
| Peasant | 30 | |
| Footman | 10 | |
| Rifleman | 4 | |
| Crypt Fiend | 5 | |
| Peon | 5 | |
54 total
» upgrades
| Gunpowder | 3 | |
| Plating | 3 | |
| Lumber Harvesting | 1 | |
| Burrow | 1 | |
| Witch Doctor Training | 1 | |
| Barrage | 1 | |
10 total
» buildings
| Altar of Kings | 2 | |
| Farm | 12 | |
| Barracks | 1 | |
| Lumber Mill | 1 | |
| Blacksmith | 1 | |
| Keep | 1 | |
| Castle | 1 | |
| Workshop | 2 | |
| Spirit Tower | 2 | |
| Orc Burrow | 1 | |
24 total
» build order
00:05 Altar of Kings
00:13 Farm
00:57 Barracks
01:20 Farm
01:53 Lumber Mill
03:25 Farm
04:03 Farm
05:21 Blacksmith
06:25 Keep
07:17 Farm
07:18 Farm
09:17 Castle
09:21 Workshop
09:22 Workshop
16:11 Spirit Tower
16:13 Spirit Tower
22:25 Orc Burrow
23:58 Altar of Kings
28:21 Farm
29:21 Farm
29:48 Farm
29:58 Farm
30:08 Farm
30:21 Farm
» items
| Scroll of Speed | 1 | |
| Lesser Clarity Potion | 2 | |
| Healing Salve | 1 | |
| Scroll of Town Portal | 3 | |
| Orb of Lightning | 1 | |
8 total
BiGBADBOOBOO (
purple | 69 APM | 757 actions | 10:58)
1 Blademaster
1 Wind Walk
» actions
| Assign group hotkey | 3 | |
| Basic commands | 5 | |
| Build / train | 37 | |
| Enter build submenu | 13 | |
| Enter hero's abilities submenu | 1 | |
| Remove unit from queue | 1 | |
| Right click | 409 | |
| Select / deselect | 79 | |
| Select group hotkey | 163 | |
| Use ability | 46 | |
757 total
» units
| Peon | 10 | |
| Troll Witch Doctor | 2 | |
| Shaman | 2 | |
14 total
» upgrades
| Spiked Barricades | 1 | |
| Shaman Training | 2 | |
| Witch Doctor Training | 1 | |
| Spirit Walker Training | 1 | |
5 total
» buildings
| Altar of Storms | 1 | |
| Orc Burrow | 3 | |
| Voodoo Lounge | 1 | |
| War Mill | 1 | |
| Stronghold | 1 | |
| Watch Tower | 2 | |
| Spirit Lodge | 3 | |
| Fortress | 1 | |
13 total
» build order
00:15 Altar of Storms
00:23 Orc Burrow
01:07 Voodoo Lounge
01:39 War Mill
04:11 Stronghold
04:17 Orc Burrow
04:23 Watch Tower
06:35 Watch Tower
06:50 Spirit Lodge
07:09 Spirit Lodge
07:37 Spirit Lodge
07:52 Fortress
09:49 Orc Burrow
» items
| Healing Salve | 2 | |
| Lesser Clarity Potion | 4 | |
| Scroll of Speed | 3 | |
| Circlet of Nobility | 1 | |
| Scroll of Town Portal | 1 | |
| Potion of Healing | 2 | |
13 total

»
Bigzwall (
pink | 64 APM | 696 actions | 10:53)
2 Death Knight
1 Death Coil
1 Unholy Aura
» actions
| Assign group hotkey | 21 | |
| Basic commands | 41 | |
| Build / train | 42 | |
| Enter build submenu | 10 | |
| Enter hero's abilities submenu | 2 | |
| Remove unit from queue | 2 | |
| Right click | 405 | |
| Select / deselect | 120 | |
| Select group hotkey | 29 | |
| Use ability | 24 | |
696 total
» units
| Acolyte | 9 | |
| Ghoul | 2 | |
| Crypt Fiend | 10 | |
| Centaur Outrunner | 1 | |
22 total
» upgrades
| Creature Attack | 2 | |
| Creature Carapace | 1 | |
| Web | 1 | |
4 total
» buildings
| Graveyard | 1 | |
| Ziggurat | 5 | |
| Crypt | 1 | |
| Altar of Darkness | 1 | |
| Tomb of Relics | 1 | |
| Halls of the Dead | 2 | |
| Black Citadel | 2 | |
13 total
» build order
00:10 Graveyard
00:15 Ziggurat
00:39 Crypt
01:02 Altar of Darkness
01:32 Tomb of Relics
01:49 Ziggurat
03:09 Ziggurat
04:51 Halls of the Dead
04:51 Halls of the Dead
05:40 Ziggurat
06:30 Ziggurat
08:00 Black Citadel
08:01 Black Citadel
» items
Chat log
(00:25 / All) TyrantUnbound: BIGBADBOOBOO is so hardcore he uses a pentium 2
(00:43 / Allies) s3rra_ang3l: uints heros?
(00:47 / Allies) Accension: paladin
(00:48 / Allies) Accension: foots
(00:49 / Allies) Decimatio: Naga sea witch
(00:50 / Allies) Accension: priest
(00:52 / Allies) Accension: knights
(00:54 / Allies) Decimatio: and heavy air
(00:58 / Allies) s3rra_ang3l: all hu
(01:20 / All) TyrantUnbound: ASL everyone?
(01:22 / All) BiGBADBOOBOO: sorry its pen3 lol
(02:14 / Allies) Decimatio: actually I am going pitlord
(03:24 / Allies) s3rra_ang3l: wood?
(03:36 / All) Decimatio: WELL THAT WAS EMBARASSING
(03:39 / All) Decimatio: LOST 2 UNITS CREEPING
(04:02 / Allies) TyrantUnbound: gold
(05:06 / Allies) s3rra_ang3l: bm
(05:09 / Allies) Accension: k
(06:00 / Allies) s3rra_ang3l: b
(07:24 / All) s3rra_ang3l: lol
(07:27 / All) YodaPark: lol
(07:32 / All) Decimatio: how the hell did you lose a hero so early?
(08:49 / All) Decimatio: CANCEL YOUR TECH PINK
(08:51 / All) Decimatio: TO REMAKE ACOLYTES
(09:27 / Allies) TyrantUnbound: let me get that invis pot
(09:31 / Allies) TyrantUnbound: nvm
(09:47 / Allies) Accension: orange
(09:50 / Allies) Accension: so much monbey :(
(09:58 / Allies) Decimatio: i got more
(10:01 / Allies) TyrantUnbound: that's nothing check out teal
(10:12 / Allies) Accension: lol
(10:15 / Allies) Decimatio: Well had
(10:17 / Allies) Decimatio: I just spent some
(10:17 / Allies) Accension: guys spend money and get units
(10:33 / Allies) Decimatio: doing more than you without any
(10:48 / Allies) Decimatio: He is too
(10:55 / All) Decimatio: lol
(10:57 / All) TyrantUnbound: lol
(11:02 / All) Decimatio: Pitlord and bm invisiharass in one game
(11:05 / All) Decimatio: and ragequits another!
(11:13 / All) Decimatio: Stay
(11:15 / All) Decimatio: not over yet
(11:33 / 6) Decimatio: Orange and I will backstab our allies
(11:33 / All) TyrantUnbound: misaim
(11:37 / 6) Decimatio: tower up and stay
(12:32 / 6) Decimatio: stay
(12:32 / Allies) TyrantUnbound: lumber?
(12:34 / 6) Decimatio: we are going to backstab
(12:43 / 6) Decimatio: if you can't hold this attack don't leave
(12:44 / Allies) Accension: im out
(13:11 / Allies) s3rra_ang3l: wood?
(13:59 / 6) Decimatio: we are making units to backstab now
(15:26 / Allies) TyrantUnbound: lumbeR?
(15:40 / Allies) s3rra_ang3l: i need lumber
(15:49 / Allies) Accension: me pls
(15:59 / Allies) Decimatio: He said he needs it he wasn't offering dumbass
(16:11 / Allies) Decimatio: you lobotomised cranially challenged shit-flinging halfwit
(16:22 / Allies) Accension: help??
(16:24 / Allies) Decimatio: No
(16:29 / Allies) Decimatio: Not anymore
(16:39 / Allies) TyrantUnbound: let me have your resources bro
(16:46 / Allies) Decimatio: give some to me too
(16:46 / Allies) Accension: wow
(16:49 / Allies) Decimatio: I'm better
(16:50 / Allies) Accension: wow
(16:53 / Allies) Accension: way to help me out
(16:56 / Allies) Accension: then steal my money
(16:57 / Allies) TyrantUnbound: I don't any units
(17:05 / Allies) Accension: wow so much money and no unit
(18:08 / Allies) TyrantUnbound: didn't mean to use that pot lawl
(18:12 / Allies) TyrantUnbound: whoops
(18:33 / Allies) TyrantUnbound: lumber
(18:37 / Allies) Accension: oh dam lets all not help green
(18:39 / Allies) Decimatio: I'm taking that expo yellow
(18:41 / Allies) Decimatio: Don't try to
(18:41 / Allies) Accension: lol
(18:58 / Allies) Accension: ... you guys have no idea how to play as team
(18:58 / Allies) Accension: lol
(19:04 / Allies) TyrantUnbound: lumber me so I can get units
(19:07 / Allies) Decimatio: we are a 2 man stab bro
(19:10 / Allies) Decimatio: uh
(19:11 / Allies) Decimatio: team
(19:12 / Allies) Decimatio: oops
(20:07 / Allies) TyrantUnbound: I legit have no lumber lawl
(20:40 / Allies) Decimatio: I have non either
(20:43 / Allies) Decimatio: I just amoved that
(21:26 / Allies) Decimatio: I had about 22 lumber peons
(21:28 / Allies) Decimatio: still not enough wood
(22:01 / Allies) Decimatio: those towers were barely in time
(22:32 / Allies) Decimatio: wood me
(22:36 / Allies) Decimatio: you don't need it, right?
(22:42 / Allies) Decimatio: neither do you
(22:53 / 6) Decimatio: stay
(22:54 / 6) Decimatio: stay
(22:55 / 6) Decimatio: stay
(22:58 / 6) Decimatio: we are killing our allies
(23:11 / All) s3rra_ang3l: Gg
(23:16 / All) Decimatio: not over yet
(23:36 / All) Accension: LOL
(24:10 / 6) Decimatio: I made yellow leave, 1 down
(25:38 / Allies) TyrantUnbound: lumber green?
(25:39 / 6) Decimatio: we are on our way to save you
(25:51 / 6) Decimatio: orange is coming to kill green
(27:15 / All) CinnamonChasers: lol
(27:19 / All) s3rra_ang3l: gg
(27:21 / All) Decimatio: We killed our team
(27:25 / All) TyrantUnbound: It's not over
(27:27 / All) Decimatio: yeah
(27:29 / All) Decimatio: it's never over
(29:39 / All) CinnamonChasers: lol
(29:42 / All) s3rra_ang3l: lol
(29:51 / All) Decimatio: I'm chasing green's mk around
(30:21 / All) Decimatio: You had no farms to use the tavern
(30:33 / All) Decimatio: wtf did I have 7 peons on gold all game?
(30:41 / All) Decimatio: I am really out of my element this match
(31:03 / All) CinnamonChasers: this is funny
(31:59 / 5) CinnamonChasers: lol r u just backstabbing?
(32:02 / 6) Decimatio: yes
(32:11 / 5) CinnamonChasers: i have a bunch of farms
(32:14 / 5) CinnamonChasers: but no town hall
(32:19 / 5) CinnamonChasers: so 1 min until reveal
(32:22 / 6) Decimatio: can you rebuild it somehow?
(32:28 / 6) Decimatio: do you have a hero so I can give you gold?
(32:29 / 5) CinnamonChasers: nah out of gold
(33:32 / All) s3rra_ang3l: lol
(34:43 / All) Decimatio: Alright, listen up everyone
(34:46 / All) Decimatio: Orange and I are together
(34:51 / All) Decimatio: We are going to kill everything including our own stuff
(34:59 / All) Decimatio: and no one will have any way to kill the other
(35:01 / All) Decimatio: So best internet wins
(35:05 / All) Decimatio: The last one to leave leaves victorious
(35:06 / All) Decimatio: Sound fair?
(35:11 / All) Decimatio: You will all have 50/50 chances of winning
(35:13 / All) Decimatio: It will be equal
(35:24 / All) Decimatio: Will you all be willing to leave your computers on all night?
(35:49 / 5) CinnamonChasers: haha sure why not
(36:00 / 6) Decimatio: Alright, good man
(36:47 / 5) CinnamonChasers: hows it looking?
(37:00 / 6) Decimatio: all our peons are dying and no farms
(37:02 / 6) Decimatio: just our armies in a sec
(37:29 / 5) CinnamonChasers: buildings?
(37:32 / 6) Decimatio: we'll have to kill your last peons to make it fair, but you can keep your buildings
(37:50 / 6) Decimatio: so that everyone has an equal chance of winning and it's even for both sides in the standoff
(37:55 / All) s3rra_ang3l: lol
(38:25 / 6) Decimatio: gonna finish off my army now
(38:33 / All) s3rra_ang3l: this is too funny
(38:40 / All) CinnamonChasers: why dont i just leave?
(38:47 / All) Decimatio: You will have an equal chance of winning to our team
(38:50 / All) TyrantUnbound: Then you'll lose
(38:52 / All) Decimatio: All you need to do is keep your computer on all night
(38:56 / All) CinnamonChasers: haha
(39:05 / All) Decimatio: No side will be able to get an advantage over the other
(39:12 / All) CinnamonChasers: pres alt qq for map hack
(39:25 / All) TyrantUnbound: Does that really work?
(39:35 / All) CinnamonChasers: yeah sometimes you need to spam q though
(39:39 / 5) CinnamonChasers: just hold alt and try it
(39:42 / 5) CinnamonChasers: should work
(39:47 / All) TyrantUnbound: okay I'll try it
(39:50 / All) TyrantUnbound: what lal do I need to do
(39:50 / All) CinnamonChasers: just hold alt and try it
(39:59 / All) CinnamonChasers: hold alt and spam q
(40:00 / All) TyrantUnbound: press alt on my keyboard?
(40:05 / All) CinnamonChasers: ya
(40:09 / All) TyrantUnbound: press alt let go then press q twice?
(40:10 / All) Decimatio: Left or right alt?
(40:12 / All) Decimatio: there are two
(40:26 / All) CinnamonChasers: hold the alt button either one, then spam qqqqqq
(40:53 / All) TyrantUnbound: and what kind of map hack is it
(40:57 / All) TyrantUnbound: do I get to see all the map
(41:02 / All) CinnamonChasers: of course
(41:19 / All) TyrantUnbound: my mom says I'm pretty gullible
(41:37 / All) Decimatio: I might try this too
(41:39 / All) Decimatio: in a minute
(41:42 / All) Decimatio: for a free maphack
(41:42 / All) CinnamonChasers: well then you are gullible if you believe that you are gullibe
(41:49 / All) Decimatio: you mean it's not true?
(41:54 / All) Decimatio: why would you lie to us friend?
(42:01 / All) Decimatio: you were like our brother this game and now you lie? how come?
(42:07 / All) CinnamonChasers: im not lieing im doing it now
(42:14 / All) Decimatio: map hacking?
(42:18 / All) TyrantUnbound: you see my base?
(42:19 / All) Decimatio: can you get reported for this?
(42:27 / All) CinnamonChasers: nooooo you cant
(42:37 / All) Decimatio: will the blizzard police arrest me? is it legal?
(42:46 / All) Decimatio: i dont want to loose my CD key and go to jail
(42:49 / All) CinnamonChasers: haha blizzard police
(42:57 / All) Decimatio: it isnt a laughing matter
(43:00 / All) TyrantUnbound: p[ress alt let go and spam q?
(43:01 / All) Decimatio: ok I will try it now
(43:04 / All) CinnamonChasers: or you can hold alt and pres f1-f5
(43:08 / All) Decimatio: but i hope i dont get v&
(43:18 / All) Decimatio: alt and then qq?
(43:23 / All) CinnamonChasers: yup
(43:28 / All) TyrantUnbound: I'm gonna press alt let go and then hit q a lot
(43:30 / All) Decimatio: do i let go of alt?
(43:38 / All) CinnamonChasers: no dont let go
(43:39 / All) TyrantUnbound: didn't work
(43:41 / All) Decimatio: it isn't working
(43:45 / All) Decimatio: ur hack is broken bro
(43:47 / All) TyrantUnbound: keep pressing alt then press q q
(43:56 / All) Decimatio: its just hurting my finger
(44:01 / All) CinnamonChasers: or hold alt and pres f1-f4
(44:04 / All) CinnamonChasers: either one
(44:13 / All) TyrantUnbound: I was told never to use f keys
(44:21 / All) Decimatio: the F keys aren't good
(44:21 / All) TyrantUnbound: I've been hacked before
(44:27 / All) CinnamonChasers: i was told never to fuck ur mom
(44:31 / All) CinnamonChasers: O_o
(44:39 / All) Decimatio: last time I did and alt and f4 it made me lose a match of counter strike
(44:44 / All) Decimatio: dunno how
(44:46 / All) Decimatio: i reported him for it
(45:02 / All) TyrantUnbound: Hold alt press q?
(45:08 / All) CinnamonChasers: qq
(45:08 / All) Decimatio: does it have to be q or qq?
(45:09 / All) CinnamonChasers: qq
(45:11 / All) CinnamonChasers: qq
(45:12 / All) CinnamonChasers: qq
(45:13 / All) CinnamonChasers: qq
(45:15 / All) CinnamonChasers: qq
(45:15 / All) TyrantUnbound: I'm gonna try it
(45:16 / All) CinnamonChasers: qq
(45:18 / All) CinnamonChasers: qq
(45:18 / All) TyrantUnbound: wish me luck
(45:18 / All) CinnamonChasers: qq
(45:19 / All) CinnamonChasers: qq
(45:20 / All) CinnamonChasers: qq
(45:21 / All) CinnamonChasers: qq